 Dungeon Crawl Stone Soup version 0.21-a0-200-gb89f83b (webtiles) character file.

176752 getoffmylawn the Brawler (level 17, -1/182 HPs)
             Began as a Troll Monk on Aug 15, 2017.
             Was a High Priest of Okawaru.
             Engulfed by a tengu reaver's poison gas (8 damage)
             ... summoned by a glowing orange brain
             ... on level 1 of the Depths on Aug 16, 2017.
             The game lasted 00:54:32 (28340 turns).

getoffmylawn the Brawler (Troll Monk)              Turns: 28340, Time: 00:54:32

Health: -1/182     AC: 12    Str: 23    XL:     17   Next: 52%
Magic:  12/19      EV: 19    Int:  6    God:    Okawaru [*****.]
Gold:   2074       SH: 22    Dex: 17    Spells: 16/16 levels left

rFire    + . .     SeeInvis +     - Unarmed
rCold    . . .     Gourm    +   C - +0 large shield
rNeg     . . .     Faith    .   q - +2 robe {Archmagi}
rPois    .         Spirit   .   Z - +2 hat {SInv}
rElec    .         Reflect  .   I - +2 cloak {MR+}
rCorr    .         Harm     .   (gloves unavailable)
MR       ++...                  (boots unavailable)
Stlth    +++.......             (no amulet)
HPRegen  0.80/turn              (no ring)
MPRegen  0.16/turn              J - ring of protection from fire

@: lethally poisoned (-1 -> -5), heroism, finesse, very slightly contaminated
A: unfitting armour, claws 3, fast metabolism 3, gourmand, regeneration 1,
shaggy fur 1, tough skin 2
a: Heroism, Finesse, Renounce Religion


You were on level 1 of the Depths.
You worshipped Okawaru.
Okawaru was extremely pleased with you.
You were not hungry.

You visited 5 branches of the dungeon, and saw 25 of its levels.
You also visited: Ossuary and Bailey.

You collected 2620 gold pieces.
You spent 546 gold pieces at shops.

Inventory:

Missiles
 d - 696 stones (quivered)
 l - 2 throwing nets
Armour
 q - a +2 robe of the Archmagi (worn)
 y - a scarf of spirit shield
 C - a +0 large shield (worn)
 I - a +2 cloak of magic resistance (worn)
 Z - a +2 hat of see invisible (worn)
Jewellery
 a - an uncursed ring of teleportation
 s - a +1 ring of slaying {unknown}
 J - a ring of protection from fire (right claw)
 K - a +1 ring of evasion
Wands
 p - a wand of acid (10/15)
 F - a wand of lightning (5/15)
 L - a wand of digging (16/24)
 O - a wand of flame (40/48)
 S - a wand of lightning (9/15)
 U - a wand of paralysis (8/24)
 W - a wand of lightning (10/15)
 X - a wand of lightning (4/15)
Scrolls
 e - 3 scrolls of fear
 f - 8 scrolls of immolation
 g - 6 scrolls of enchant weapon
 k - 14 scrolls of remove curse
 r - 5 scrolls of enchant armour
 t - 4 scrolls of fog
 A - 10 scrolls of teleportation
 B - 3 scrolls of recharging
 E - 2 scrolls of amnesia
 G - 5 scrolls of identify
 P - 2 scrolls of magic mapping
 R - 2 scrolls of holy word
 T - a scroll of silence
Potions
 i - 3 potions of invisibility
 m - 6 potions of flight
 n - 7 potions of agility
 u - a potion of resistance
 w - 2 potions of cancellation
 x - 9 potions of lignification
 z - 9 potions of brilliance
 M - a potion of magic
 Q - 3 potions of haste
 Y - a potion of ambrosia
Books
 v - a Young Poisoner's Handbook

   Spells                             Type                      Level
   a - Sting                          Conjuration/Poison           1
   b - Poisonous Vapours              Poison/Air                   2
   c - Mephitic Cloud                 Conjuration/Poison/Air       3
   d - Olgreb's Toxic Radiance        Poison                       4
   e - Venom Bolt                     Conjuration/Poison           5
 H - a book of Minor Magic

   Spells                             Type                      Level
   a - Magic Dart                     Conjuration                  1
   b - Blink                          Translocation                2
   c - Call Imp                       Summoning                    2
   d - Slow                           Hexes                        2
   e - Conjure Flame                  Conjuration/Fire             3
   f - Mephitic Cloud                 Conjuration/Poison/Air       3
 V - a book of Party Tricks

   Spells                             Type                      Level
   a - Summon Butterflies             Summoning                    1
   b - Apportation                    Translocation                1
   c - Lesser Beckoning               Translocation                3
   d - Tukima's Dance                 Hexes                        3
   e - Alistair's Intoxication        Transmutation/Poison         5
   f - Invisibility                   Hexes                        6
Comestibles
 b - a bread ration
 c - 17 royal jellies
 h - 11 fruits
 o - 10 meat rations


   Skills:
 + Level 14.5(19.5) Fighting
 - Level 2.2(7.2) Throwing
 - Level 7.9(12.9) Dodging
 - Level 1.0(6.0) Stealth
 - Level 13.2(18.2) Shields
 + Level 18.5(23.5) Unarmed Combat
 - Level 4.0 Invocations


You had 16 spell levels left.
You didn't know any spells.

Dungeon Overview and Level Annotations

Branches:
Dungeon (15/15)            Temple (0/1) D:6            Lair (6/6) D:11
  Swamp (0/4) Lair:3        Snake (1/4) Lair:2        Slime (0/5) Lair:5
    Orc (2/2) D:12            Elf (0/3) Orc:2        Vaults (0/5) D:13
 Depths (1/5) D:15

Altars:
Ashenzari
Dithmenos
Fedhas
Kikubaaqudgha
Makhleb
Nemelex Xobeh
Okawaru
Ru
Sif Muna
Uskayaw
Vehumet
Xom
Zin
The Shining One

Shops:
D:8 =   D:9 !   D:11 *?**   Orc:2 *(?}%

Portals:
Hell: Depths:1
Abyss: Depths:1
Pandemonium: Orc:2 Depths:1
Ziggurat: Depths:1

Annotations:
D:10 exclusion: obsidian statue
Lair:1 exclusion: 3 oklob plants


Innate Abilities, Weirdness & Mutations

You are too large for most types of armour.
You have claws for hands.
Your metabolism is lightning-fast.
You like to eat raw meat.
Your natural rate of healing is unusually fast.
You are covered in fur. (AC +1)
You have very tough skin. (AC +2)


Message History

The yaktaur closely misses you.
The yaktaur shoots a bolt.
The bolt hits you!!
* * * LOW HITPOINT WARNING * * *
The stone giant throws a large rock.
You block the large rock.
The large rock dissolves into shadows!
Unknown command.
Blink to where?
Press: ? - help, Dir - move target cursor You are very lightly contaminated with residual magic.
As you read the scroll of blinking, it crumbles to dust.
The yaktaur wields an uncursed arbalest.
The yaktaur shoots a bolt.
You block the bolt. The tengu reaver casts a spell at you.
The blast of poison misses you.
The stone giant throws a large rock.
The large rock hits you!!
* * * LOW HITPOINT WARNING * * *
The large rock dissolves into shadows!
Unknown command.
You are engulfed in poison gas.
You are poisoned.
You die...

.# #...∩..(# #.. #..# # .#
#.......# #..# #..# # .#
#≈.....≈# #..# #..# # .#
##≈...≈## #..# #..# # .# #+###
#..# #..# # .######...# #..# #..#
# ..........# #.§# #..# #
..........######§§####..# #####
......<.>.....§§@§§....... ......
.........).....§§§§..............
..............§..§...............
............*§...................
............QCG..................
.............c.......$...........
.#######.....c(((................
.# #....c....(............... .#
#.........................


You could see a stone giant, a tengu reaver, a glowing orange brain, 3 yaktaurs
and a battlesphere.

Vanquished Creatures
  A caustic shrike (Depths:1)
  Kirke (D:13)
  A tengu reaver (Depths:1)
  A fire giant (shapeshifter) (Depths:1)
  A fire giant (Depths:1)
  An orc warlord (Bailey)
  A frost giant (Depths:1)
  2 stone giants (Depths:1)
  A vampire knight (Depths:1)
  A dire elephant (Lair:6)
  Snorg (D:10)
  An ettin (Depths:1)
  The ghost of anything the Covert, a journeyman OpAs of Nemelex Xobeh (Lair:6)
  3 great orbs of eyes (Depths:1)
  A yaktaur captain (Depths:1)
  3 vault guards (D:13)
  Harold (Lair:1)
  10 hydras
  A rakshasa (Depths:1)
  2 centaur warriors
  5 anacondas (Snake:1)
  6 deep troll shamans
  21 two-headed ogres
  3 catoblepae
  3 ogre magi
  2 hell hogs (Depths:1)
  7 orc high priests (Orc:2)
  2 deep troll earth magi (Depths:1)
  5 naga sharpshooters (Snake:1)
  8 death yaks (Lair:6)
  3 skeletal warriors (D:13)
  An iron troll (Depths:1)
  A hell knight (Depths:1)
  A sixfirhy (Orc:2)
  An infernal demonspawn (Orc:2)
  2 glowing orange brains (Depths:1)
  3 deep trolls (Depths:1)
  A golden dragon zombie (Depths:1)
  2 unseen horrors
  A gelid demonspawn (Orc:2)
  3 wizards
  5 deep elf magi
  5 naga ritualists (Snake:1)
  2 necromancers
  7 orc sorcerers
  11 ugly things
  6 orc knights
  A stone giant zombie (Depths:1)
  8 mana vipers
  3 cyclopes
  2 manticores
  A salamander (Snake:1)
  7 elephants (Lair:6)
  Maurice (D:10)
  3 naga magi (Snake:1)
  22 black mambas
  A rust devil (Orc:2)
  A torpor snail (Lair:4)
  8 spiny frogs
  5 komodo dragons
  3 rime drakes
  An ice devil (Orc:2)
  A freezing wraith (D:15)
  2 yaktaurs (Depths:1)
  2 tengu conjurers
  3 meliai (D:15)
  2 trolls
  2 polar bears
  9 slime creatures
  8 blink frogs
  A hornet (D:12)
  11 hippogriffs
  An ice dragon zombie (Depths:1)
  Prince Ribbit (D:5)
  A redback (shapeshifter) (Depths:1)
  A water elemental (Depths:1)
  A wraith (D:15)
  4 wyverns
  A spriggan (D:10)
  A yak (shapeshifter) (D:14)
  41 yaks
  17 humans (D:13)
  3 hogs (D:13)
  A hungry ghost (D:7)
  A neqoxec (Orc:2)
  A chaos spawn (Orc:2)
  4 wargs (Orc:2)
  An acid dragon (D:15)
  5 insubstantial wisps (Lair:3)
  A soldier ant (D:14)
  13 nagas
  13 water moccasins
  7 hell hounds (Depths:1)
  4 sky beasts
  5 phantoms
  2 necrophages
  10 ogres
  40 orc warriors
  An eye of draining (D:15)
  2 ice beasts
  7 wolves
  14 centaurs
  A big kobold (D:10)
  10 crocodiles
  15 bullfrogs
  A wyvern skeleton (D:13)
  An elf skeleton (D:4)
  4 scorpions
  18 killer bees
  13 howler monkeys
  The ghost of p0werm0de the Gusty, a weakling DsAE (D:4)
  7 crimson imps
  9 centaur zombies
  4 quasits
  4 hounds
  A bullfrog zombie (D:9)
  11 jellies
  3 bullfrog skeletons
  28 orc priests
  7 centaur skeletons
  A gnoll shaman (D:9)
  Crazy Yiuf (D:5)
  Jessica (D:5)
  17 orc wizards
  3 human skeletons (D:4)
  10 worker ants
  3 iguanas
  2 big kobold zombies (Ossuary)
  A hound zombie (D:10)
  A hound skeleton (D:7)
  2 worker ant zombies
  3 mummies (Ossuary)
  18 gnolls
  6 adders
  4 shadow imps
  An ooze (D:1)
  An adder skeleton (D:4)
  An adder zombie (D:5)
  5 worms
  2 leopard geckos (D:1)
  95 orcs
  4 giant cockroaches
  A gnoll zombie (Ossuary)
  16 hobgoblins
  5 jackals
  4 quokkas
  2 ball pythons
  6 bats
  2 frilled lizards (D:1)
  30 goblins
  A goblin zombie (Ossuary)
  A hobgoblin zombie (Ossuary)
  2 jackal skeletons (D:5)
  13 kobolds
  A kobold zombie (Ossuary)
  A leopard gecko zombie (D:5)
  2 orc skeletons (D:4)
  A quokka zombie (D:5)
  6 rats
878 creatures vanquished.

Vanquished Creatures (others)
  A kobold (D:10)
  A bush (Lair:6)
  14 fungi
  16 plants
32 creatures vanquished.

Grand Total: 910 creatures vanquished

Notes
Turn   | Place    | Note
-------+----------+-------------------------------------------
     0 | D:1      | getoffmylawn the Troll Monk began the quest for the Orb.
     0 | D:1      | Reached XP level 1. HP: 22/22 MP: 0/0
    95 | D:1      | Found a glowing golden altar of the Shining One.
   116 | D:1      | You fall through a shaft!
   194 | D:2      | Reached XP level 2. HP: 11/29 MP: 1/1
   731 | D:2      | Found a shattered altar of Ashenzari.
   776 | D:2      | Reached skill level 4 in Unarmed Combat
  1028 | D:1      | Reached XP level 3. HP: 36/36 MP: 2/2
  2262 | D:4      | Reached skill level 5 in Unarmed Combat
  2262 | D:4      | Reached XP level 4. HP: 43/44 MP: 3/3
  2299 | D:4      | Noticed a phantom
  2301 | D:4      | Noticed p0werm0de's ghost (weakling DsAE)
  2309 | D:4      | Killed p0werm0de's ghost
  2316 | D:4      | Reached XP level 5. HP: 42/50 MP: 4/4
  2357 | D:4      | Reached skill level 6 in Unarmed Combat
  2372 | D:4      | Found a sand-covered staircase.
  2381 | Ossuary  | Entered an ossuary
  2620 | Ossuary  | Reached XP level 6. HP: 44/59 MP: 5/5
  2718 | Ossuary  | Reached skill level 7 in Unarmed Combat
  2816 | D:4      | Found a sacrificial altar of Ru.
  3119 | D:4      | Found a hide-covered altar of Uskayaw.
  3227 | D:4      | Reached skill level 8 in Unarmed Combat
  3227 | D:4      | Reached XP level 7. HP: 66/66 MP: 6/6
  3541 | D:5      | Entered Level 5 of the Dungeon
  3556 | D:5      | Found a blossoming altar of Fedhas.
  3721 | D:5      | Found an iron altar of Okawaru.
  3756 | D:4      | Reached skill level 9 in Unarmed Combat
  4029 | D:5      | Became a worshipper of Warmaster Okawaru
  4029 | D:5      | Reached * piety under Okawaru
  4029 | D:5      | Reached ** piety under Okawaru
  4055 | D:5      | Found a shimmering altar of Xom.
  4086 | D:5      | Noticed Jessica
  4092 | D:5      | Killed Jessica
  4101 | D:5      | Found a deep blue altar of Sif Muna.
  4208 | D:5      | Found the +10 morningstar "Eos" {elec, Halo rElec}
  4213 | D:5      | Found a runed door.
  4220 | D:5      | Noticed Crazy Yiuf
  4224 | D:5      | Killed Crazy Yiuf
  4252 | D:5      | Reached XP level 8. HP: 68/74 MP: 7/7
  4310 | D:5      | Reached skill level 1 in Invocations
  4380 | D:5      | Reached skill level 10 in Unarmed Combat
  4437 | D:5      | Noticed Prince Ribbit
  4459 | D:5      | Killed Prince Ribbit
  5154 | D:6      | Found a staircase to the Ecumenical Temple.
  5200 | D:6      | Reached *** piety under Okawaru
  5258 | D:6      | Reached skill level 11 in Unarmed Combat
  5644 | D:6      | Reached XP level 9. HP: 83/83 MP: 9/9
  5664 | D:6      | Found an ancient bone altar of Kikubaaqudgha.
  6070 | D:7      | Found a shadowy altar of Dithmenos.
  6072 | D:7      | Noticed a two-headed ogre
  6083 | D:7      | Killed a two-headed ogre
  6083 | D:7      | Reached **** piety under Okawaru
  6083 | D:7      | Reached skill level 12 in Unarmed Combat
  6639 | D:7      | Reached skill level 13 in Unarmed Combat
  6891 | D:7      | Found a glowing silver altar of Zin.
  7036 | D:8      | Found Zaxzugg's Jewellery Shop.
  7077 | D:8      | Reached XP level 10. HP: 88/92 MP: 12/12
  7214 | D:8      | Reached ***** piety under Okawaru
  7407 | D:8      | Found a radiant altar of Vehumet.
  7407 | D:8      | Found a burning altar of Makhleb.
  7543 | D:9      | Noticed a red ugly thing
  7545 | D:9      | Found Foriaqocymn's Distillery.
  7557 | D:9      | Killed a red ugly thing
  7787 | D:9      | Bought a potion of might for 56 gold pieces
  7787 | D:9      | Bought a potion of invisibility for 112 gold pieces
  7787 | D:9      | Bought a potion of berserk rage for 70 gold pieces
  7835 | D:9      | Reached skill level 14 in Unarmed Combat
  8212 | D:10     | Entered Level 10 of the Dungeon
  8441 | D:10     | Found a flagged portal.
  8449 | D:10     | Reached skill level 1 in Shields
  8466 | Bailey   | Entered a bailey
  8576 | Bailey   | Noticed an orc knight
  8618 | Bailey   | Killed an orc knight
  8674 | Bailey   | Noticed an orc warlord
  8675 | Bailey   | Noticed an orc knight
  8695 | Bailey   | Killed an orc warlord
  8695 | Bailey   | Reached skill level 5 in Shields
  8695 | Bailey   | Reached XP level 11. HP: 54/100 MP: 11/13
  8714 | Bailey   | Killed an orc knight
  8843 | Bailey   | Reached XP level 12. HP: 107/107 MP: 14/14
  8864 | Bailey   | Reached skill level 10 in Shields
  8864 | Bailey   | Reached XP level 13. HP: 122/122 MP: 15/15
  9754 | D:10     | Noticed Maurice
  9754 | D:10     | Noticed Snorg
  9762 | D:10     | Killed Snorg
  9769 | D:10     | Killed Maurice
  9983 | D:10     | Received a gift from Okawaru
 10491 | D:11     | Found Lenusch's Assorted Antiques.
 10499 | D:11     | Bought a fizzy brown potion for 21 gold pieces
 10499 | D:11     | Bought a scroll of fear for 84 gold pieces
 10552 | D:11     | Found Wurick's Magic Scroll Shoppe.
 10666 | D:11     | Found Apeu's General Store.
 10675 | D:11     | Bought a potion of haste for 170 gold pieces
 10680 | D:11     | Found a staircase to the Lair.
 11101 | D:11     | Found Vonoiw's General Store.
 11265 | D:12     | Found a staircase to the Orcish Mines.
 11937 | Lair:1   | Entered Level 1 of the Lair of Beasts
 11963 | Lair:1   | Noticed Harold
 11978 | Lair:1   | Killed Harold
 12634 | Lair:2   | Found a staircase to the Snake Pit.
 13652 | Lair:3   | Found a staircase to the Swamp.
 14229 | Lair:4   | Received a gift from Okawaru
 14353 | Lair:4   | Reached XP level 14. HP: 133/133 MP: 13/16
 15438 | Lair:5   | Reached skill level 5 in Dodging
 15704 | Lair:5   | Found a staircase to the Slime Pits.
 16270 | Lair:6   | Entered Level 6 of the Lair of Beasts
 16505 | Lair:6   | Reached skill level 1 in Throwing
 17205 | Lair:6   | Noticed anything's ghost (journeyman OpAs)
 17242 | Lair:6   | Killed anything's ghost
 17983 | Lair:6   | Received a gift from Okawaru
 18634 | Orc:1    | Entered Level 1 of the Orcish Mines
 18817 | Orc:2    | Entered Level 2 of the Orcish Mines
 18940 | Orc:2    | Reached skill level 10 in Fighting
 18952 | Orc:2    | Reached XP level 15. HP: 128/149 MP: 17/17
 19165 | Orc:2    | Found Bahoaly's Food Shoppe.
 19212 | Orc:2    | Found Zuann's Magic Scroll Emporium.
 19505 | Orc:2    | Bought a scroll of teleportation for 33 gold pieces
 19667 | Orc:2    | Found a staircase to the Elven Halls.
 19718 | Orc:2    | Found Zagume's Assorted Antiques.
 20219 | Orc:2    | Received a gift from Okawaru
 20222 | Orc:2    | Got an ichor-stained large shield {god gift}
 20233 | Orc:2    | Identified the -2 large shield "Ynong" {Str+2 SInv} (Okawaru gifted it to you on level 2 of the Orcish Mines)
 20301 | Orc:2    | Found Qobiob's Gadget Shop.
 20301 | Orc:2    | Found Liuddeyr's Antique Weapon Boutique.
 20301 | Orc:2    | Found a one-way gate leading to the halls of Pandemonium.
 20560 | D:12     | Upgraded the game from 0.21-a0-196-g6a663c0 to 0.21-a0-200-gb89f83b
 20592 | D:13     | Reached skill level 15 in Unarmed Combat
 21128 | D:13     | Noticed Kirke
 21834 | D:13     | Found a gate to the Vaults.
 21913 | D:13     | Received a gift from Okawaru
 21927 | D:13     | Killed Kirke
 22423 | D:14     | Reached skill level 16 in Unarmed Combat
 22763 | D:15     | Entered Level 15 of the Dungeon
 22879 | D:14     | Reached XP level 16. HP: 45/165 MP: 18/18
 23540 | D:15     | Received a gift from Okawaru
 23581 | D:15     | Found a staircase to the Depths.
 24284 | D:15     | Found a sacrificial altar of Ru.
 24527 | Snake:1  | Entered Level 1 of the Snake Pit
 24917 | Snake:1  | Reached skill level 17 in Unarmed Combat
 25735 | Snake:1  | Received a gift from Okawaru
 25985 | Snake:1  | Found a sparkling altar of Nemelex Xobeh.
 26587 | Depths:1 | Entered Level 1 of the Depths
 26808 | Depths:1 | Reached XP level 17. HP: 144/179 MP: 19/19
 26853 | Depths:1 | Found a gateway to Hell.
 27124 | Depths:1 | Found a one-way gate to the infinite horrors of the Abyss.
 27766 | Depths:1 | Noticed a caustic shrike
 27778 | Depths:1 | Reached skill level 18 in Unarmed Combat
 28018 | Depths:1 | Received a gift from Okawaru
 28181 | Depths:1 | Found a gateway to a ziggurat.
 28250 | Depths:1 | Killed a caustic shrike
 28250 | Depths:1 | Reached ****** piety under Okawaru
 28339 | Depths:1 | HP: 7/182 [stone giant/large rock[a glowing orange brain] (19)]
 28340 | Depths:1 | Engulfed by a tengu reaver's poison gas

Vault maps used:
D:1:      dpeg_arrival_arbitrary_b, tso_metal_star
D:2:      ashenzari_altar_1
D:3:      lightli_temple_of_fire, first_bread
D:4:      kennysheep_mini, nicolae_overflow_hidden_temple,
          nicolae_ossuary_entry_catacombs
D:5:      nicolae_overflow_crystal_walls, okawaru_metal_pillars_3, tgw_sif,
          brannock_xom_greatest_gift, uniq_prince_ribbit1,
          uniq_crazy_yiuf_cottage
D:6:      lemuel_round_altar, minmay_temple_entry_mist
D:7:      zin_academy, minmay_misc_feat_encased, nicolae_dithmenos_shadow_blocks
D:8:      grunt_temple_overflow_lords_of_destruction, serial_shops, shop
D:9:      serial_shops, shop
D:10:     enter_bailey_2, hangedman_stone_soup, kennysheep_big_empty_room,
          minmay_misc_feat_hallway, minmay_statue_bubble, uniq_maurice,
          uniq_snorg
D:11:     lair_entry_dummy, serial_shops, shop, shop_statue, shop, shop,
          minmay_misc_feat_rugged
D:12:     orc_0_dummy, hex_tiny
D:13:     grunt_vaults_entry_tiered, uniq_kirke
D:14:     minmay_misc_feat_roman
D:15:     grunt_enter_depths_magical_seal, nicolae_ru_the_path_less_chosen
Lair:1:   grunt_megastairs_2, minmay_lair_oklob_chamber,
          infiniplex_staircase_pool, uniq_harold
Lair:2:   minmay_snake_entry_guardpost_small
Lair:3:   minmay_swamp_entry_wisps, infiniplex_staircase_pool_2
Lair:5:   minmay_slime_entry_pillars
Lair:6:   grunt_lair_end_beastmaster, grunt_megastairs_3, serial_bayou_shore_b
Snake:1:  basic_altar, special_room
Orc:2:    pf_orc_diabolical, serial_shops, nicolae_shop_overgrown_old_shop
Depths:1: enter_ziggurat_b, grunt_hell_horde, pan_entry, dk_noncrumbling_4,
          hangedman_abyss_entry_splay, minivault_12, serial_bayou_shore_a
Ossuary:  ossuary_crypta
Bailey:   bailey_axe_minmay_hex_keep, bailey

Skill      XL: |  1  2  3  4  5  6  7  8  9 10 11 12 13 14 15 16 17 |
---------------+----------------------------------------------------+-----
Unarmed Combat | 4 5 6 8 9 11 13 14 16 17 18 | 18.5
Invocations    | 2 4 |  4.0
Fighting       | 3 4 6 7 10 12 13 14 | 14.5
Shields        | 5 9 10 13 | 13.2
Dodging        | 3 7 |  7.9
Throwing       | 2 |  2.2
Stealth        | |  1.0

Action                   |  1- 3 |  4- 6 |  7- 9 | 10-12 | 13-15 | 16-18 || total
-------------------------+-------+-------+-------+-------+-------+-------++-------
Melee: Unarmed           |   119 |    97 |   225 |   248 |  1687 |   702 ||  3078
       Punch             |       |    10 |    13 |     7 |       |       ||    30
Invok: Heroism           |       |       |     2 |    10 |    43 |    25 ||    80
       Finesse           |       |       |       |       |     6 |     2 ||     8
Evoke: Wand              |       |       |       |       |    16 |     1 ||    17
  Use: Scroll            |       |     6 |       |     6 |    22 |     4 ||    38
       Potion            |       |       |       |     9 |     5 |    12 ||    26
 Stab: Sleeping          |     4 |     2 |     4 |       |     4 |     1 ||    15
       Distracted        |       |       |     2 |       |     3 |       ||     5
       Invisible         |       |       |       |     3 |     1 |       ||     4
       Confused          |       |       |       |       |     1 |       ||     1
       Petrifying        |       |       |       |       |     1 |       ||     1
       Petrified         |       |       |       |       |     1 |       ||     1
  Eat: Chunk             |    25 |     3 |    40 |     9 |   126 |    10 ||   213
       Bread ration      |       |       |       |       |     1 |     6 ||     7
       Meat ration       |       |       |       |       |       |     2 ||     2
Armor: Robe              |    42 |    14 |    50 |    71 |   223 |    90 ||   490
Dodge: Dodged            |    61 |    24 |    92 |   100 |   483 |   284 ||  1044
Block: Large shield      |       |       |       |    90 |  1432 |   623 ||  2145
